 Dungeon Crawl Stone Soup version 0.20.1-1-g8b1a95d (console) character file.

27 hilaritas the Sneak (level 3, -1/19 HPs)
             Began as a Kobold Enchanter on Feb 17, 2018.
             Slain by an orc (3 damage)
             ... on level 1 of the Dungeon.
             The game lasted 00:03:12 (1059 turns).

hilaritas the Sneak (Kobold Enchanter)              Turns: 1059, Time: 00:03:12

Health: -1/19      AC:  2    Str:  5    XL:     3   Next: 25%
Magic:  1/6        EV: 15    Int: 17    God:
Gold:   42         SH:  0    Dex: 15    Spells: 0/6 levels left

rFire    . . .     SeeInvis .   a - +1 dagger
rCold    . . .     Gourm    .   (shield restricted)
rNeg     . . .     Faith    .   b - +0 robe
rPois    .         Spirit   .   (no helmet)
rElec    .         Reflect  .   (no cloak)
rCorr    .         Harm     .   (no gloves)
MR       .....                  (no boots)
Stlth    +++.......             (no amulet)
Regen    0.1/turn               (no ring)
MPRegen  0.1/turn               (no ring)

@: no status effects
A: carnivore 3
a: no special abilities


You were on level 1 of the Dungeon.
You were very full.

You visited 1 branch of the dungeon, and saw 1 of its levels.

You collected 42 gold pieces.

Inventory:

Hand Weapons
 a - a +1 dagger (weapon)
Missiles
 e - 15 arrows
Armour
 b - a +0 robe (worn)
Scrolls
 i - a scroll of magic mapping
Potions
 f - a potion of heal wounds
 g - a potion of resistance {unknown}
 h - a potion of flight {unknown}
 j - 2 potions of cancellation {unknown}
 k - a potion of lignification {unknown}
Books
 c - a book of Maledictions

   Spells                             Type                      Level
   a - Corona                         Hexes                        1
   b - Ensorcelled Hibernation        Hexes/Ice                    2
   c - Confuse                        Hexes                        3
   d - Tukima's Dance                 Hexes                        3
   e - Dazzling Spray                 Conjuration/Hexes            3
Comestibles
 d - a meat ration


   Skills:
 * Level 2.8 Short Blades
 - Level 2.4 Dodging
 + Level 5.0 Stealth
 - Level 2.1 Spellcasting
 - Level 3.0 Hexes


You couldn't memorise any spells.
You knew the following spells:

 Your Spells              Type           Power        Failure   Level  Hunger
a - Corona                Hex            ##.....      5%          1    #......
b - Ensorcelled Hibernat  Hex/Ice        #.....       16%         2    ###....
c - Tukima's Dance        Hex            ##......     17%         3    ###....


Dungeon Overview and Level Annotations

Branches:
Dungeon (1/15)

Altars:


Innate Abilities, Weirdness & Mutations

You are small and have problems with some larger weapons.
You are carnivorous and can eat meat at any time.


Message History

The orc barely misses you.
You barely miss the orc. The orc closely misses you. The orc barely misses you.
You hit the orc.
The orc is lightly wounded.
The orc closely misses you.
You hit the orc but do no damage.
The orc is lightly wounded.
The orc hits you with a club.
* * * LOW HITPOINT WARNING * * *
The orc hits you but does no damage.
You hit the orc but do no damage.
The orc is lightly wounded.
The orc misses you.
You barely miss the orc.
The orc is lightly wounded.
The orc closely misses you. The orc barely misses you.
You hit the orc.
The orc is moderately wounded.
The orc hits you.
You die...

##################
#................#
#.########.##.##.# ### #.#
####.##.##.##
#.##########.#####.........#.##
...................##.##..###.###
....)...####.####..##.##)## ##...
.............# #..#....## ##.#
....###.####.# #..#.###.## ##.##
[..## #.# #.####o......#.###....
#.## #.# #(..(@o>..###.#.#.####
#.# #.# #.#####.### #.##.## #.#
#.# #.####...####.##.## #.# #.#
#.............##..# #.# #.#
######...########.# #.# #.# ##.##
#.# #.#####.# #.# #.# #..>....#
##.#########.# ######..####
#............#### #.....#
#..########...... #.###.#
#..########.#####


You could see 2 orcs.

Vanquished Creatures
  A gnoll (D:1)
  A leopard gecko (D:1)
  2 orcs (D:1)
  A goblin (D:1)
  A hobgoblin (D:1)
  A bat (D:1)
  A frilled lizard (D:1)
  4 kobolds (D:1)
  5 rats (D:1)
17 creatures vanquished.

Vanquished Creatures (others)
  A dancing weapon (D:1)
1 creature vanquished.

Grand Total: 18 creatures vanquished

Notes
Turn   | Place    | Note
-------+----------+-------------------------------------------
     0 | D:1      | hilaritas the Kobold Enchanter began the quest for the Orb.
     0 | D:1      | Reached XP level 1. HP: 10/10 MP: 3/3
   120 | D:1      | Reached XP level 2. HP: 15/15 MP: 5/5
   617 | D:1      | Reached XP level 3. HP: 19/19 MP: 4/6
   623 | D:1      | Learned a level 2 spell: Ensorcelled Hibernation
   627 | D:1      | Learned a level 3 spell: Tukima's Dance
  1048 | D:1      | Reached skill level 5 in Stealth
  1059 | D:1      | Slain by an orc

Skill      XL: |  1  2  3 |
---------------+----------+-----
Short Blades   | 2 |  2.8
Stealth        | 5 |  5.0
Dodging        | |  2.4
Spellcasting   | |  2.1
Hexes          | |  3.0

Action                   || total
-------------------------++-------
Melee: Dagger            ||    84
 Cast: Corona            ||    10
       Tukima's Dance    ||     2
  Use: Scroll            ||     3
 Stab: Sleeping          ||     6
  Eat: Chunk             ||     7
Armor: Robe              ||     4
Dodge: Dodged            ||    70
